 Dungeon Crawl Stone Soup version 0.30-a0-830-gfe289a77b0 (webtiles) character file.

Game seed: 5775135889443656696

2303 Jeffwins the Basher (level 9, -1/65 (68) HPs)
             Began as a Human Wanderer on Feb 28, 2023.
             Slain by Maggie
             ... wielding a +0 halberd
              (10 damage)
             ... on level 7 of the Dungeon.
             The game lasted 00:12:01 (7678 turns).

Jeffwins the Basher (Human Wanderer)                Turns: 7678, Time: 00:12:01

HP:   -1/65 (68)    AC: 10    Str: 16    XL:     9   Next: 67%
MP:   0/13          EV: 11    Int: 14    God:
Gold: 431           SH:  0    Dex: 12    Spells: 0/13 levels left

rFire   + . .      SeeInvis +    b - +2 flail (heavy)
rCold   + . .      Faith    .    (no shield)
rNeg    . . .      Spirit   +    d - +0 leather armour
rPois   +          Reflect  .    B - +0 hat {SInv}
rElec   +          Harm     .    (no cloak)
rCorr   +          Rampage  .    A - +1 pair of gloves
Will    .....                    v - +0 pair of boots
Stlth   +++                      G - amulet of guardian spirit
HPRegen 0.30/turn                O - +4 ring of protection
MPRegen 0.13/turn                L - ring of flight

@: resistant, flying, lightly drained
A: no striking features
a: no special abilities


You were on level 7 of the Dungeon.
You visited 2 branches of the dungeon, and saw 9 of its levels.

You collected 431 gold pieces.


   Skills:
 - Level 5.0 Fighting
 * Level 9.0 Maces & Flails
 - Level 1.0 Dodging
 - Level 5.0 Stealth
 + Level 2.9 Spellcasting
 - Level 4.0 Translocations
 * Level 4.6 Ice Magic
 + Level 1.0 Poison Magic
 + Level 1.0 Evocations


You couldn't memorise any spells.
You knew the following spells:

 Your Spells              Type           Power      Damage    Failure   Level
c - Ozocubu's Refrigerat  Ice            7%         4d9       100%        7
o - Olgreb's Toxic Radia  Pois           4%         N/A       86%         4
I - Blink                 Tloc           26%        N/A       8%          2

Your spell library contained the following spells:

 Spells                   Type           Power      Damage    Failure   Level
 Lesser Beckoning         Tloc           26%        N/A       8%          2
 Ozocubu's Armour         Ice            15%        N/A       12%         3
 Momentum Strike          Conj/Tloc      14%        3d8       19%         2
 Shock                    Conj/Air       8%         1d3       26%         1
 Sublimation of Blood     Necr           2%         N/A       38%         2
 Wereblood                Tmut           2%         N/A       38%         2
 Swiftness                Air            2%         N/A       63%         3
 Airstrike                Air            1%         2d(1-17)  95%         4
 Metabolic Englaciation   Hex/Ice        4%         N/A       96%         5
 Simulacrum               Ice/Necr       4%         N/A       100%        6
 Summon Hydra             Summ           1%         N/A       100%        7
 Ignition                 Fire           1%         3d3       100%        8

Inventory:

Hand Weapons
 b - a +2 heavy flail (weapon)
 h - a +3 mace of flaming
 u - a +1 whip of venom
 w - a +2 mace of protection
 C - a +3 morningstar
Missiles
 y - 27 poisoned darts (quivered)
 M - 2 curare-tipped darts {=f}
Armour
 d - a +0 leather armour (worn)
 v - a +0 pair of boots (worn)
 A - a +1 pair of gloves (worn)
 B - a +0 hat of see invisible (worn)
 K - a +0 kite shield
Jewellery
 f - a ring of fire
 F - a ring of fire
 G - an amulet of guardian spirit (around neck)
 L - a ring of flight (right hand)
 N - a ring of willpower
 O - a +4 ring of protection (left hand)
Wands
 J - a wand of flame (22)
Scrolls
 a - 5 scrolls of vulnerability {!r}
 e - 2 scrolls of fog {unknown}
 g - a scroll of silence {unknown}
 i - 2 scrolls of brand weapon
 j - a scroll of immolation {unknown}
 k - 2 scrolls of identify {unknown}
 l - a scroll of amnesia {unknown}
 m - a scroll of enchant armour {unknown}
 q - a scroll of magic mapping {unknown}
 r - a scroll of noise {unknown}
 s - a scroll of teleportation {@r4}
 t - 2 scrolls of enchant weapon
 z - a scroll of blinking {unknown}
Potions
 n - a potion of attraction {!q}
 o - 3 potions of curing {@q1}
 p - a potion of flight
 x - 2 potions of brilliance
 D - a potion of haste {@q3}
 E - a potion of cancellation {unknown}
 H - a potion of heal wounds {@q2}

Dungeon Overview and Level Annotations

Branches:
Dungeon (8/15)             Temple (1/1) D:6
   Lair: D:8-11

Altars:
Dithmenos
Elyvilon
Fedhas
Gozag
Hepliaklqana
Kikubaaqudgha
Ru
Sif Muna
Trog
Uskayaw
Wu Jian
Zin
The Shining One

Annotations:
D:7 Maggie

#......[..[.▒..'....'...▒
#......▒▒........@..▒▒..▒
#▒.....▒▒+.▒▒▒▒▒▒▒▒.▒▒+▒▒
#.▒▒'▒▒▒▒..▒....▒▒......▒
###.......▒..▒.⚑.....⌠....▒
..▒▒......▒..▒.~....~.....▒
..........▒..▒..~@~~~~....▒
..▒▒▒▒▒▒'▒▒..▒▒..§~~~.....▒
..▒▒.....▒▒▒.▒▒.@.≈~~.....▒
..▒▒.........▒....≈~~~....▒
###▒...........⌠...~~.....▒
#..................▒....▒
#..................▒....▒
#......▒▒▒▒▒▒▒▒▒▒▒▒▒▒...▒
#▒.....▒ ▒...▒▒>..▒ #######
▒...▒....▒ ▒...'....▒


You could see Maggie.


Message History

Maggie barely misses you.
Unknown command.
Unknown command.
Aiming: Throw Flame
Press: ? - help, Shift-Dir - straight line, f/p - Maggie
Aim: Maggie, wielding a +0 halberd and wearing +0 acid dragon scales (steam, heavily wounded, mesmerising, 68% to hit)
The puff of flame hits Maggie.
Maggie is heavily wounded.
Maggie is engulfed in a cloud of scalding steam.
Maggie closely misses you.
Unknown command.
Unknown command.
Aiming: Throw Flame
Press: ? - help, Shift-Dir - straight line, f/p - Maggie
Aim: Maggie, wielding a +0 halberd and wearing +0 acid dragon scales (steam, severely wounded, mesmerising, 68% to hit)
The puff of flame hits Maggie but does no damage.
Maggie is severely wounded.
You break out of your daze.
Maggie hits you from afar with a +0 halberd!
* * * LOW HITPOINT WARNING * * *
Unknown command.
Unknown command.
Aiming: Throw Flame
Press: ? - help, Shift-Dir - straight line, f/p - Maggie
Aim: Maggie, wielding a +0 halberd and wearing +0 acid dragon scales (steam, heavily wounded, 68% to hit)
The puff of flame hits Maggie but does no damage.
Maggie is heavily wounded.
Maggie is engulfed in a cloud of scalding steam.
Maggie hits you from afar with a +0 halberd!
You die...

Skill      XL: |  1  2  3  4  5  6  7  8  9 |
---------------+----------------------------+-----
Stealth        | 2 3 4 5 |  5.0
Maces & Flails | 4 5 6 8 9 |  9.0
Translocations | 1 2 3 4 |  4.0
Ice Magic      | 2 4 |  4.6
Spellcasting   | 1 2 |  2.9
Poison Magic   | 1 |  1.0
Evocations     | 1 |  1.0
Fighting       | |  5.0
Dodging        | |  1.0

Action                     |  1- 3 |  4- 6 |  7- 9 || total
---------------------------+-------+-------+-------++-------
  Melee: Mace              |    39 |       |       ||    39
         Whip              |    44 |   148 |   284 ||   476
         Punch             |       |     3 |     4 ||     7
         Flail             |       |       |    88 ||    88
  Throw: Dart              |       |       |     2 ||     2
  Evoke: Wand              |       |       |    10 ||    10
    Use: Potion            |       |       |    10 ||    10
         Scroll            |       |       |     6 ||     6
   Stab: Sleeping          |     1 |     2 |     4 ||     7
         Distracted        |       |       |     1 ||     1
 Armour: Leather armour    |    16 |    31 |   128 ||   175
         Skin              |       |       |    21 ||    21
  Dodge: Dodged            |    38 |    79 |   251 ||   368

Levels and vault maps discovered:
D:1:      nicolae_arrival_memento_mori, layout_loops_ring
D:2:      layout_loops_ring
D:3:      layout_loops_cross, nicolae_ru_sacrificial_ziggurat,
          chequers_ecumenical_altar_simple_redux
D:4:      layout_basic, uniq_natasha, uniq_duvessa
D:5:      layout_basic
D:6:      layout_basic, mainiacjoe_overflow_cross_hatched,
          minmay_temple_entry_hall, minmay_misc_feat_ornament
D:7:      gammafunk_steamed_eel, layout_gridville, kiku_gazebo_pond_becter
D:8:      layout_rooms, xom_teletrap_fun, hangedman_abyss_or_decor_stabs,
          nicolae_underground_beach, uniq_maggie
Temple:   cyrus_temple_forest

Notes
Turn   | Place    | Note
-------+----------+-------------------------------------------
     0 | D:1      | Jeffwins the Human Wanderer began the quest for the Orb.
     0 | D:1      | Jeffwins set off with the following items: a +3 mace, a
                  | scroll of vulnerability {!r}, a scroll of fear, a +0
                  | leather armour.
     0 | D:1      | Reached XP level 1. HP: 21/21 MP: 1/1
    68 | D:1      | Reached XP level 2. HP: 27/27 MP: 2/2
   239 | D:1      | Reached XP level 3. HP: 33/33 MP: 3/3
   374 | D:1      | Reached skill level 2 in Stealth
   644 | D:1      | Reached skill level 4 in Maces & Flails
   995 | D:2      | Reached XP level 4. HP: 38/39 MP: 4/4
  1169 | D:2      | Learned a level 2 spell: Blink
  1552 | D:3      | Found a faded altar of an unknown god.
  1722 | D:3      | Found a sacrificial altar of Ru.
  1795 | D:3      | Reached XP level 5. HP: 44/44 MP: 5/5
  2343 | D:4      | Reached skill level 1 in Translocations
  2366 | D:4      | Reached skill level 3 in Stealth
  2424 | D:4      | Reached skill level 5 in Maces & Flails
  2431 | D:4      | Reached XP level 6. HP: 30/51 MP: 3/6
  2716 | D:4      | Noticed Natasha
  2727 | D:4      | Killed Natasha
  2728 | D:4      | Reached skill level 2 in Translocations
  2786 | D:4      | Noticed a black bear
  2797 | D:4      | Killed a black bear
  2798 | D:4      | Reached XP level 7. HP: 36/56 MP: 4/7
  2900 | D:4      | Noticed Dowan
  2901 | D:4      | Noticed Duvessa
  2944 | D:4      | Killed Duvessa
  2945 | D:4      | Reached skill level 6 in Maces & Flails
  2945 | D:4      | Reached skill level 4 in Stealth
  2957 | D:4      | HP: 2/84 [Dowan/shard of ice (17)]
  2960 | D:4      | Killed Dowan
  3163 | D:4      | Noticed Natasha
  3205 | D:4      | Reached skill level 3 in Translocations
  3208 | D:4      | HP: 3/56 [white imp/puff of frost[Natasha] (9)]
  3458 | D:4      | Killed Natasha
  3535 | D:4      | Noticed Natasha
  3544 | D:4      | Killed Natasha
  3594 | D:4      | Reached XP level 8. HP: 56/62 MP: 4/8
  3798 | D:5      | Entered Level 5 of the Dungeon
  4133 | D:5      | Reached skill level 7 in Maces & Flails
  4328 | D:5      | Reached skill level 5 in Stealth
  4568 | D:5      | Reached skill level 4 in Translocations
  4876 | D:6      | Found a staircase to the Ecumenical Temple.
  4897 | D:6      | Reached skill level 1 in Ice Magic
  4906 | Temple   | Entered the Ecumenical Temple
  5458 | D:6      | Reached skill level 1 in Spellcasting
  5523 | D:6      | Reached skill level 2 in Ice Magic
  5630 | D:6      | Found a bloodstained altar of Trog.
  5998 | D:7      | Found an ancient bone altar of Kikubaaqudgha.
  6056 | D:7      | Reached skill level 8 in Maces & Flails
  6064 | D:7      | Reached XP level 9. HP: 42/67 MP: 2/11
  6238 | D:7      | Found a transporter.
  6260 | D:7      | Found a transporter.
  6274 | D:7      | Reached skill level 3 in Ice Magic
  6389 | D:7      | Reached skill level 2 in Spellcasting
  6765 | D:7      | Reached skill level 4 in Ice Magic
  6951 | D:7      | Learned a level 7 spell: Ozocubu's Refrigeration
  6956 | D:7      | Learned a level 4 spell: Olgreb's Toxic Radiance
  7364 | D:8      | Noticed Maggie
  7598 | D:7      | Reached skill level 9 in Maces & Flails
  7672 | D:7      | Reached skill level 1 in Poison Magic
  7672 | D:7      | Reached skill level 1 in Evocations
  7673 | D:7      | Identified a potion of resistance
  7678 | D:7      | Slain by Maggie

Vanquished Creatures
  A steam dragon (D:7)
  Duvessa (D:4)
  2 black bears
  An orc warrior (D:7)
  A phantom (D:5)
  3 kobold brigands
  3 scorpions
  A gnoll sergeant (D:7)
  A necrophage (D:4)
  5 wights (D:7)
  Dowan (D:4)
  3 killer bees
  2 electric eels (D:7)
  3 hounds
  2 orc priests (D:4)
  Natasha (thrice) (D:4)
  3 iguanas
  3 orc wizards
  11 gnolls
  10 adders
  A white imp (D:5)
  2 ufetubi (D:6)
  A worm (D:4)
  7 dart slugs
  18 orcs
  3 bats
  7 endoplasms
  2 giant cockroaches
  7 goblins
  6 hobgoblins (D:1)
  6 jackals
  5 quokkas
  8 ball pythons
  3 frilled lizards
  19 kobolds
  7 rats
162 creatures vanquished.

Table legend: (Time is in decaauts)
 A = Elapsed time spent in this place.
 B = Non-inter-level travel time spent in this place.
 C = Inter-level travel time spent in this place.
 D = Time resting spent in this place.
 E = Time spent auto-exploring this place.
 F = Levels seen in this place.
 G = Mean time per level.
                   A        B        C        D        E       F      G
               +--------+--------+--------+--------+--------+-----+--------+
         Total |   7643 |   7436 |    207 |    682 |   5212 |   9 |  849.2 |
       Dungeon |   7393 |   7218 |    175 |    682 |   5010 |   8 |  924.1 |
        Temple |    249 |    217 |     32 |      0 |    202 |   1 |  249.0 |
               +--------+--------+--------+--------+--------+-----+--------+

Top non-repeatable levels by time:
     D:7: 1683 daAuts
     D:4: 1588 daAuts
     D:6: 902 daAuts
     D:3: 902 daAuts
     D:5: 871 daAuts
     D:1: 720 daAuts
     D:2: 684 daAuts
  Temple: 249 daAuts
     D:8: 40 daAuts

Table legend:
 A = Non-vault XP
 B = Vault XP
 C = Vault XP percentage of total XP
 D = Non-vault monster count
 E = Vault monster count
 F = Vault count percentage of total count
                 A         B        C        D         E       F
            +---------+---------+-------+---------+---------+-------
      Total |    2922 |     369 |  11.2 |     157 |       5 |   3.1
            +---------+---------+-------+---------+---------+-------
        D:1 |      54 |       0 |   0.0 |      29 |       0 |   0.0
        D:2 |      41 |       0 |   0.0 |      17 |       0 |   0.0
        D:3 |      81 |       0 |   0.0 |      24 |       0 |   0.0
        D:4 |     611 |     259 |  29.8 |      25 |       3 |  10.7
        D:5 |     415 |       0 |   0.0 |      14 |       0 |   0.0
        D:6 |     386 |       0 |   0.0 |      14 |       0 |   0.0
        D:7 |    1273 |     110 |   8.0 |      33 |       2 |   5.7
        D:8 |      61 |       0 |   0.0 |       1 |       0 |   0.0
            +---------+---------+-------+---------+---------+-------
